 Dungeon Sprint DCSS version 0.27-a0-463-gec7707c53d (webtiles) character file.

Game seed: 11996567096432783026

19204 mhtbhm the Executioner (level 12, -2/126 HPs)
             Began as a Minotaur Fighter on Mar 1, 2021.
             Was the Champion of Trog.
             Killed from afar by an electric golem (31 damage)
             ... with a bolt of lightning
             ... in the Dungeon (Sprint VII: "The Pits").
             The game lasted 00:05:32 (2999 turns).

mhtbhm the Executioner (Minotaur Fighter)           Turns: 2999, Time: 00:05:32

Health: -2/126     AC: 27    Str: 25    XL:     12   Next: 34%
Magic:  11/11      EV: 11    Int:  5    God:    Trog [******]
Gold:   35         SH: 15    Dex: 11    Spells: 11/11 levels left

rFire    . . .     SeeInvis .   a - +5 broad axe (vorpal)
rCold    . . .     Faith    .   c - +0 kite shield
rNeg     + . .     Spirit   .   b - +4 chain mail
rPois    .         Reflect  .   (helmet restricted)
rElec    .         Harm     .   z - +2 cloak {rCorr}
rCorr    +         Rampage  .   (no gloves)
Will     .....     NoTele   +   (no boots)
Stlth    ..........             x - amulet "Ixuadghod" {RegenMP rN+}
HPRegen  0.31/turn              n - +3 ring of protection
MPRegen  0.37/turn              o - +3 ring of protection

@: berserk cooldown, slowed, very slow
A: retaliatory headbutt, horns 2
a: Renounce Religion, Berserk, Trog's Hand, Brothers in Arms


You were in the Dungeon.
You worshipped Trog.
Trog was exalted by your worship.
You visited 1 branch You collected 35 gold pieces.

Inventory:

Hand Weapons
 a - a +5 vorpal broad axe (weapon)
Missiles
 m - 8 poisoned darts (quivered)
 r - a curare-tipped dart
 A - 13 silver javelins
Armour
 b - a +4 chain mail (worn)
 c - a +0 kite shield (worn)
 z - a +2 cloak of preservation (worn)
Jewellery
 n - a +3 ring of protection (left hand)
 o - a +3 ring of protection (right hand)
 v - a ring of protection from cold
 w - a ring of fire
 x - the amulet "Ixuadghod" (around neck) {RegenMP rN+}
   (You found it in the Dungeon)

   [amulet of magic regeneration]

   It increases your magic regeneration.
   It protects you from negative energy.
Wands
 y - a wand of acid (8)
Scrolls
 j - 2 scrolls of blinking
 l - a scroll of summoning
 t - 2 scrolls of enchant armour
 u - 8 scrolls of identify
Potions
 d - 2 potions of might
 e - 11 potions of curing
 f - 6 potions of heal wounds
 g - 2 potions of haste
 h - 4 potions of magic
 i - 7 potions of berserk rage
 k - 2 potions of invisibility
 p - a potion of resistance
 q - 5 potions of mutation


   Skills:
 + Level 17.6 Fighting
 + Level 21.1 Axes
 + Level 15.3 Armour
 + Level 6.1 Dodging
 + Level 1.2 Stealth
 + Level 17.5 Shields


You had 11 spell levels left.
You didn't know any spells.
Your spell library was empty.

Dungeon Overview and Level Annotations

Branches:
Dungeon (1/1)

Altars:
Ashenzari
Cheibriados
Dithmenos
Elyvilon
Fedhas
Gozag
Hepliaklqana
Kikubaaqudgha
Makhleb
Nemelex Xobeh
Okawaru
Qazlal
Ru
Sif Muna
Trog
Uskayaw
Vehumet
Wu Jian
Xom
Yredelemnul
Zin
The Shining One
Beogh
Jiyva
Lugonu


Innate Abilities, Weirdness & Mutations

You reflexively headbutt those who attack you in melee.
You have a pair of horns on your head.


Message History

Your stone giant rages.
The electric golem completely misses you.
You furiously retaliate!
You headbutt the electric golem, but do no damage.
You block the electric golem's attack. The electric golem closely misses you.
You block the electric golem's attack.
You barely miss the electric golem.
The electric golem hurls lightning at you.
The bolt of lightning hits you!!!
* * * LOW HITPOINT WARNING * * *
Your stone giant hits the electric golem!!!
You block the electric golem's attack. x2; The electric golem hits you!
* * * LOW HITPOINT WARNING * * *
The electric golem hits you.
* * * LOW HITPOINT WARNING * * *
Your stone giant barely misses the electric golem.
Unknown command.
You feel much better.
The electric golem hits you but does no damage.
The electric golem hits you!
* * * LOW HITPOINT WARNING * * *
The electric golem shocks you!!
* * * LOW HITPOINT WARNING * * *
The electric golem hits you.
* * * LOW HITPOINT WARNING * * *
You block the electric golem's attack.
Your stone giant misses the electric golem.
The electric golem hits you but does no damage.
You block the electric golem's attack. x2
The electric golem hits you but does no damage.
Your stone giant hits the electric golem!!
Press: ? - help, v - describe, . - travel
Here: an electric golem (heavily damaged, ally target)
The floor.
Unknown command.
You feel much better.
The electric golem crackles and sizzles.
The electric golem hurls lightning at you.
The bolt of lightning hits you!!
You die...

#+# #.# #'#
######################'#
.........)[...§§@§§§.).#
..........÷...§8C§§§.).#
#####++##############.)#
#))# #.)# #..# #..# #..#
#..#


You could see an electric golem (ally target) and a friendly stone giant
(summoned, berserk).

Vanquished Creatures
  An Executioner (D)
  A minotaur (D)
  An eidolon (D)
  An ettin (D)
  A dancing weapon (D)
  A death yak (D)
  A swamp dragon (D)
  A shadow wraith (D)
  A spriggan druid (D)
  A flayed ghost (D)
  A deep elf pyromancer (D)
  A wizard (D)
  A naga ritualist (D)
  A lindwurm (D)
  An elephant (D)
  Maurice (D)
  A naga mage (D)
  A cane toad (D)
  A gargoyle (D)
  A rime drake (D)
  2 demonic crawlers (D)
  An efreet (D)
  A kobold demonologist (D)
  An ice devil (D)
  A jumping spider (D)
  2 tyrant leeches (D)
  2 snapping turtles (D)
  A flying skull (D)
  6 redbacks (D)
  A shadow (D)
  A spriggan (D)
  A tarantella (D)
  A fire bat (D)
  6 yaks (D)
  Eustachio (D)
  2 small abominations (D)
  Grum (D)
  A steam dragon (D)
  3 nagas (D)
  A warg (D)
  An ogre (D)
  A necrophage (D)
  A black bear (D)
  A centaur (D)
  7 wolves (D)
  A kobold brigand (D)
  2 bullfrogs (D)
  6 killer bees (D)
  2 quasits (D)
  A crimson imp (D)
  A jelly (D)
  2 orc wizards (D)
  A hell rat (D)
  A worker ant (D)
  A mummy (D)
  3 gnolls (D)
  2 adders (D)
  2 ufetubi (D)
  An adder zombie (D)
  6 orcs (D)
  A ball python (D)
  2 goblins (D)
  2 quokkas (D)
  A leopard gecko zombie (D)
105 creatures vanquished.

Vanquished Creatures (collateral kills)
  A hydra (D)
  An orc knight (D)
  An elephant (D)
  A hellwing (D)
  A polar bear (D)
  A kobold brigand (D)
6 creatures vanquished.

Grand Total: 111 creatures vanquished

Notes
Turn   | Place    | Note
-------+----------+-------------------------------------------
     0 | D        | mhtbhm the Minotaur Fighter began the quest for the Orb.
     0 | D        | Reached XP level 1. HP: 19/19 MP: 0/0
    84 | D        | Found a bloodstained altar of Trog.
    84 | D        | Found a shimmering blue altar of Sif Muna.
    84 | D        | Found a viscous altar of Jiyva.
    84 | D        | Found a hazy altar of Hepliaklqana.
    84 | D        | Found an opulent altar of Gozag.
    85 | D        | Found a glowing golden altar of the Shining One.
    85 | D        | Found a glowing silver altar of Zin.
    85 | D        | Found a basalt altar of Yredelemnul.
    85 | D        | Found a shimmering altar of Xom.
    85 | D        | Found an ornate altar of the Wu Jian Council.
    85 | D        | Found a sacrificial altar of Ru.
    85 | D        | Found a stormy altar of Qazlal.
    85 | D        | Found an iron altar of Okawaru.
    85 | D        | Found a sparkling altar of Nemelex Xobeh.
    85 | D        | Found a burning altar of Makhleb.
    85 | D        | Found a blossoming altar of Fedhas.
    85 | D        | Found a white marble altar of Elyvilon.
    85 | D        | Found a shadowy altar of Dithmenos.
    85 | D        | Found a snail-covered altar of Cheibriados.
    87 | D        | Found a radiant altar of Vehumet.
    87 | D        | Found a corrupted altar of Lugonu.
    87 | D        | Found a roughly hewn altar of Beogh.
    89 | D        | Became a worshipper of Trog the Wrathful
   128 | D        | Reached XP level 2. HP: 16/28 MP: 1/1
   131 | D        | Reached skill level 5 in Fighting
   131 | D        | Reached skill level 3 in Axes
   131 | D        | Reached skill level 5 in Armour
   131 | D        | Reached skill level 5 in Shields
   260 | D        | Reached * piety under Trog
   265 | D        | Reached XP level 3. HP: 32/36 MP: 2/2
   295 | D        | Noticed a kobold brigand
   301 | D        | Reached ** piety under Trog
   304 | D        | Killed a kobold brigand
   305 | D        | Reached skill level 4 in Axes
   305 | D        | Reached XP level 4. HP: 47/47 MP: 3/3
   310 | D        | Reached skill level 5 in Axes
   584 | D        | Noticed a bullfrog
   589 | D        | Reached XP level 5. HP: 52/52 MP: 4/4
   589 | D        | Reached *** piety under Trog
   592 | D        | Reached skill level 6 in Axes
   596 | D        | Reached **** piety under Trog
   602 | D        | Reached XP level 6. HP: 62/62 MP: 5/5
   607 | D        | Reached ***** piety under Trog
   608 | D        | Reached skill level 7 in Axes
   608 | D        | Reached skill level 1 in Dodging
   628 | D        | Noticed a kobold demonologist
   633 | D        | Noticed a neqoxec
   637 | D        | Killed a kobold demonologist
   638 | D        | Reached skill level 9 in Axes
   638 | D        | Reached XP level 7. HP: 71/71 MP: 6/6
   644 | D        | Received a gift from Trog
   653 | D        | Reached skill level 10 in Fighting
   653 | D        | Reached skill level 10 in Axes
   653 | D        | Reached skill level 10 in Armour
   653 | D        | Reached skill level 10 in Shields
   781 | D        | Noticed a fire bat
   781 | D        | Noticed a snapping turtle
   785 | D        | Killed a fire bat
   786 | D        | Reached skill level 11 in Axes
   792 | D        | Killed a snapping turtle
   793 | D        | Reached XP level 8. HP: 81/81 MP: 7/7
   914 | D        | Found a hide-covered altar of Uskayaw.
   914 | D        | Found an ancient bone altar of Kikubaaqudgha.
   914 | D        | Found a broken altar of Ashenzari.
   941 | D        | Received a gift from Trog
   942 | D        | Reached skill level 12 in Axes
   972 | D        | Reached skill level 13 in Axes
   977 | D        | Noticed a flayed ghost
   977 | D        | Noticed a wizard
   988 | D        | Killed a flayed ghost
   989 | D        | Reached skill level 14 in Axes
   989 | D        | Reached XP level 9. HP: 56/90 MP: 8/8
   989 | D        | Killed a wizard
  1196 | D        | Noticed an elephant
  1200 | D        | Received a gift from Trog
  1200 | D        | Reached ****** piety under Trog
  1201 | D        | Reached skill level 15 in Axes
  1206 | D        | Killed an elephant
  1218 | D        | Noticed a gargoyle
  1221 | D        | Killed a gargoyle
  1226 | D        | Noticed a spriggan druid
  1237 | D        | Killed a spriggan druid
  1238 | D        | Reached skill level 16 in Axes
  1238 | D        | Noticed a swamp dragon
  1241 | D        | Noticed a tyrant leech
  1253 | D        | Killed a swamp dragon
  1254 | D        | Reached XP level 10. HP: 65/101 MP: 9/9
  1259 | D        | Received a gift from Trog
  1482 | D        | Noticed a deep elf pyromancer
  1492 | D        | Killed a deep elf pyromancer
  1493 | D        | Reached skill level 17 in Axes
  1653 | D        | Noticed a death yak
  1662 | D        | Killed a death yak
  1667 | D        | Received a gift from Trog
  1769 | D        | Noticed Grum
  1775 | D        | Noticed an orc knight
  1777 | D        | Killed Grum
  1777 | D        | Received a gift from Trog
  1777 | D        | Noticed an elephant
  1778 | D        | Reached skill level 18 in Axes
  1778 | D        | Noticed a lindwurm
  1785 | D        | Received a gift from Trog
  1787 | D        | Reached XP level 11. HP: 111/111 MP: 10/10
  1788 | D        | Noticed a four-headed hydra
  1791 | D        | Reached skill level 15 in Shields
  1793 | D        | Killed an orc knight
  1794 | D        | Received a gift from Trog
  1794 | D        | Killed a four-headed hydra
  1798 | D        | Killed a lindwurm
  1799 | D        | Reached skill level 15 in Fighting
  1799 | D        | Reached skill level 19 in Axes
  1799 | D        | Reached skill level 5 in Dodging
  2130 | D        | Noticed an Executioner
  2130 | D        | Noticed an ettin
  2130 | D        | Noticed a +1 mace of pain
  2140 | D        | Killed an Executioner
  2140 | D        | Received a gift from Trog
  2145 | D        | Killed an ettin
  2151 | D        | Killed a +1 mace of pain
  2157 | D        | Reached skill level 20 in Axes
  2161 | D        | Got the amulet "Ixuadghod" {RegenMP rN+}
  2217 | D        | Noticed an eidolon
  2218 | D        | Noticed Maurice
  2224 | D        | Received a gift from Trog
  2227 | D        | Killed an eidolon
  2241 | D        | Killed Maurice
  2241 | D        | Received a gift from Trog
  2242 | D        | Reached XP level 12. HP: 80/124 MP: 11/11
  2583 | D        | Reached skill level 15 in Armour
  2583 | D        | Reached skill level 1 in Stealth
  2655 | D        | Noticed a minotaur
  2662 | D        | Killed a minotaur
  2662 | D        | Received a gift from Trog
  2703 | D        | Noticed Eustachio
  2708 | D        | Reached skill level 21 in Axes
  2711 | D        | Received a gift from Trog
  2716 | D        | Killed Eustachio
  2978 | D        | Noticed an electric golem
  2997 | D        | HP: 6/126 [electric golem (5)]
  2998 | D        | HP: 2/126 [electric golem (4)]
  2999 | D        | Killed from afar by an electric golem

Illustrated notes

Levels and vault maps discovered:
D:        pitsprint [storerooms_1, entrance_room_1, metal_vault_6, armoury_1,
          mini_pit_1, grid_room_1, main_hall_1, silver_pit, the_coven_2,
          the_vestibule_1, steel_vault_3, golden_pit, hallway_of_sentries,
          crystal_vault_4, iron_vault_2, final_vault]

Skill      XL: |  1  2  3  4  5  6  7  8  9 10 11 12 |
---------------+-------------------------------------+-----
Fighting       | 4 5 7 8 9 10 11 13 14 16 17 | 17.6
Armour         | 4 5 7 8 9 10 11 12 13 14 15 | 15.3
Shields        | 4 5 6 7 8 9 10 12 13 14 16 17 | 17.5
Axes           | 3 4 5 6 9 11 14 16 18 20 21 | 21.1
Dodging        | 1 2 3 4 5 6 |  6.1
Stealth        | 1 |  1.2

Action                   |  1- 3 |  4- 6 |  7- 9 | 10-12 || total
-------------------------+-------+-------+-------+-------++-------
Melee: Hand axe          |    20 |    35 |    14 |       ||    69
       Headbutt          |     5 |     6 |     8 |    22 ||    41
       War axe           |     2 |       |       |       ||     2
       Broad axe         |       |       |    53 |   135 ||   188
Invok: Berserk           |     1 |     1 |     3 |     5 ||    10
       Brothers in Arms  |       |       |       |     2 ||     2
       Trog's Hand       |       |       |       |     1 ||     1
  Use: Potion            |       |       |     1 |     4 ||     5
       Scroll            |       |       |       |     1 ||     1
Armor: Scale mail        |    12 |     1 |       |       ||    13
       Chain mail        |       |    16 |    45 |    84 ||   145
Dodge: Dodged            |     4 |     6 |    25 |    58 ||    93
Block: Kite shield       |     7 |    15 |    50 |   117 ||   189

Table legend: (Time is in decaauts)
 A = Elapsed time spent in this place.
 B = Non-inter-level travel time spent in this place.
 C = Inter-level travel time spent in this place.
 D = Time resting spent in this place.
 E = Time spent auto-exploring this place.
 F = Levels seen in this place.
 G = Mean time per level.
                   A        B        C        D        E       F      G
               +--------+--------+--------+--------+--------+-----+--------+
         Total |   3037 |   3014 |     23 |   1766 |    258 |   1 | 3037.0 |
       Dungeon |   3037 |   3014 |     23 |   1766 |    258 |   1 | 3037.0 |
               +--------+--------+--------+--------+--------+-----+--------+

Top non-repeatable levels by time:
       D: 3037 daAuts
